 Dungeon Crawl Stone Soup version 0.29-a0-477-g62b78b4225 (webtiles) character file.

Game seed: 12618941569974786293

26 Infinimo the Cudgeller (level 2, -1/23 HPs)
             Began as a Demonspawn Gladiator on May 24, 2022.
             Succumbed to a scorpion's poison
             ... on level 2 of the Dungeon.
             The game lasted 00:01:02 (1253 turns).

Infinimo the Cudgeller (Demonspawn Gladiator)       Turns: 1253, Time: 00:01:03

Health: -1/23      AC:  4    Str: 14    XL:     2   Next: 89%
Magic:  2/2        EV: 12    Int:  9    God:
Gold:   65         SH:  3    Dex: 14    Spells: 1/1 levels left

rFire   . . .      SeeInvis .   a - +0 flail
rCold   . . .      Faith    .   l - +0 buckler
rNeg    . . .      Spirit   .   b - +0 leather armour
rPois   .          Reflect  .   c - +0 helmet
rElec   .          Harm     .   (no cloak)
rCorr   .          Rampage  .   (no gloves)
Will    .....                   (no boots)
Stlth   +.........              (no amulet)
HPRegen 0.07/turn               (no ring)
MPRegen 0.08/turn               (no ring)

@: lethally poisoned (-1 -> -11)
A: powered by death 1
a: no special abilities


You were on level 2 of the Dungeon.
You visited 1 branch of the dungeon, and saw 2 of its levels.

You collected 65 gold pieces.

Inventory:

Hand Weapons
 a - a +0 flail (weapon)
Missiles
 d - 3 throwing nets (quivered)
 e - a javelin
Armour
 b - a +0 leather armour (worn)
 c - a +0 helmet (worn)
 l - a +0 buckler (worn)
Scrolls
 h - a scroll of immolation {unknown}
 i - a scroll of amnesia {unknown}
 j - a scroll of fear {unknown}
 k - 3 scrolls of teleportation {unknown}
Potions
 f - a potion of ambrosia {unknown}
 g - 2 potions of brilliance {unknown}


   Skills:
 + Level 2.3 Fighting
 * Level 3.2 Maces & Flails
 - Level 1.7 Throwing
 + Level 3.0 Dodging
 + Level 0.3 Shields


You had one spell level left.
You didn't know any spells.
Your spell library was empty.

Dungeon Overview and Level Annotations

Branches:
Dungeon (2/15)

Altars:


Innate Abilities, Weirdness & Mutations

You regenerate a little health from kills.


Message History

(D) Dungeon
Where to? (? - help)
There is a stone staircase leading down here.
You climb downwards.
There is a stone staircase leading up here.
A quokka comes into view.
A quokka is nearby!
You block the quokka's attack. You block the quokka's attack.
You sock the quokka!
You kill the quokka!
Your Dodging skill increases to level 3!
No target in view!
No target in view!
You see here a quokka corpse.
A scorpion comes into view.
A scorpion is nearby!
The scorpion stings you.
You are poisoned.
The scorpion poisons you!
The scorpion is lightly wounded.
You feel very sick.
You sock the scorpion!
The scorpion is heavily wounded.
You feel sick.
The scorpion is heavily wounded.
You feel sick. The scorpion stings you. x2
The scorpion is severely wounded.
You feel sick. The scorpion stings you.
* * * LOW HITPOINT WARNING * * *
You are too injured to fight recklessly!
You are too injured to fight recklessly!
You are too injured to fight recklessly!
The scorpion is severely wounded.
You feel sick. You block the scorpion's attack. The scorpion stings you.
* * * LOW HITPOINT WARNING * * *
You are lethally poisoned!
The scorpion poisons you!
The scorpion is severely wounded.
You die...

### ##
###############.. .#
..............#.# ..
........#####.#.##.
........# ##.#...
........# #..#..#
........####.##s.#
.......<#...†##@.##.#
........#...........#
........#...#########
..).....#...+
........#...#
###+#####...# #.###
#. #.


You could see a scorpion.

Vanquished Creatures
  5 ball pythons (D:1)
  6 bats (D:1)
  3 endoplasms (D:1)
  A goblin (D:1)
  2 hobgoblins (D:1)
  2 kobolds (D:1)
  2 quokkas
  A frilled lizard (D:1)
  3 rats (D:1)
  A bush (D:1)
26 creatures vanquished.

Notes
Turn   | Place    | Note
-------+----------+-------------------------------------------
     0 | D:1      | Infinimo the Demonspawn Gladiator began the quest for the
                  | Orb.
     0 | D:1      | Reached XP level 1. HP: 16/16 MP: 1/1
   339 | D:1      | Gained mutation: You regenerate a little health from kills.
                  | [demonic ancestry]
   339 | D:1      | Reached XP level 2. HP: 22/22 MP: 2/2
  1246 | D:2      | Noticed a scorpion
  1253 | D:2      | Succumbed to a scorpion's poison

Illustrated notes

Levels and vault maps discovered:
D:1:      dpeg_arrival_circle_labyrinth_a, layout_loops_ring, minmay_hedge_maze
D:2:      layout_basic

Skill      XL: |  1  2 |
---------------+-------+-----
Maces & Flails | 3 |  3.2
Dodging        | 3 |  3.0
Fighting       | |  2.3
Throwing       | |  1.7
Shields        | |  0.3

Action                   || total
-------------------------++-------
Melee: Flail             ||   168
       Punch             ||     1
 Stab: Sleeping          ||     2
Armor: Leather armour    ||    32
Dodge: Dodged            ||    58
Block: Buckler           ||    13

Table legend: (Time is in decaauts)
 A = Elapsed time spent in this place.
 B = Non-inter-level travel time spent in this place.
 C = Inter-level travel time spent in this place.
 D = Time resting spent in this place.
 E = Time spent auto-exploring this place.
 F = Levels seen in this place.
 G = Mean time per level.
                   A        B        C        D        E       F      G
               +--------+--------+--------+--------+--------+-----+--------+
         Total |   1298 |   1263 |     35 |      0 |    937 |   2 |  649.0 |
       Dungeon |   1298 |   1263 |     35 |      0 |    937 |   2 |  649.0 |
               +--------+--------+--------+--------+--------+-----+--------+

Top non-repeatable levels by time:
     D:1: 1260 daAuts
     D:2: 37 daAuts
